Map: Coda LE (Void)

Players

AgCl

  • Race: Protoss Protoss

一時 - Winner!

  • Race: Zerg Zerg

VOD

Have the link to the VOD?

Description

Time

  • Played on: May 1, 2015, 9:14 a.m.
  • Length: 8:28
Show
View Real Time Build Order
Export as new Build Order

AgCl Protoss 

Build Orders: Oracle Opening, Oracle Opening 

Get SALT Encoding   

  12  0:02  Probe  
  13  0:14  Probe  
  14  0:32  Pylon  
  14  0:35  Assimilator  
  14  0:50  Probe  
  14  0:51  Gateway  
  14  0:56  Pylon  
  15  1:02  Probe (Chrono Boost)  
  16  1:14  Probe (Chrono Boost)  
  17  1:22  Probe (Chrono Boost)  
  18  1:31  Probe  
  19  1:39  Cybernetics Core  
  19  1:44  Probe (Chrono Boost)  
  19  1:50  Zealot (Chrono Boost), Assimilator  
  21  1:56  Probe (Chrono Boost)  
  22  2:04  Probe (Chrono Boost)  
  23  2:13  Probe  
  24  2:24  Stargate  
  23  2:33  Mothership Core  
  24  2:37  Pylon  
  24  2:48  Pylon  
  24  2:55  Probe  
  21  3:07  Probe  
  21  3:09  Warp Gate  
  21  3:10  Pylon  
  22  3:13  Oracle (Chrono Boost)  
  25  3:21  Probe (Chrono Boost)  
  26  3:31  Probe (Chrono Boost)  
  28  3:46  Void Ray (Chrono Boost)  
  31  3:49  Probe  
  32  4:02  Probe  
  33  4:14  Probe  
  34  4:26  Probe  
  35  4:40  Nexus  
  35  4:48  Gateway  
  35  4:53  Gateway  
  35  5:02  Phoenix (Chrono Boost)  
  38  5:07  Probe  
  35  5:22  Pylon  
  35  5:31  Probe  
  36  5:40  Stalker  
  38  5:43  Probe (Chrono Boost)  
  39  5:54  Assimilator  
  39  5:55  Probe (Chrono Boost)  
  39  5:56  Probe (Chrono Boost)  
  41  6:01  Fleet Beacon  
  41  6:03  Stalker  
  45  6:05  Probe x2 (Chrono Boost)  
  45  6:12  Probe  
  45  6:13  Forge  
  45  6:18  Probe  
  45  6:31  Carrier (Chrono Boost)  
  45  6:34  Probe  
  46  6:44  Pylon  
  46  6:46  Gateway  
  46  6:52  Twilight Council  
  46  6:53  Probe  
  52  6:57  Probe  
  54  7:03  Probe  
  54  7:04  Graviton Catapult (Chrono Boost)  
  55  7:12  Probe (Chrono Boost)  
  55  7:15  Probe (Chrono Boost), Assimilator  
  58  7:24  Probe (Chrono Boost)  
  58  7:25  Probe (Chrono Boost)  
  59  7:30  Stalker  
  59  7:31  Stalker x2  
  55  8:02  Pylon  
  55  8:19  Pylon  
Show
View Real Time Build Order
Export as new Build Order

一時 Zerg - Winner!

Build Orders: Pool First 

Get SALT Encoding   

  12  0:01  Drone  
  13  0:08  Drone  
  14  0:18  Overlord  
  14  0:35  Spawning Pool  
  13  0:37  Drone  
  13  0:41  Drone  
  15  0:47  Drone  
  16  0:52  Drone, Extractor  
  16  1:01  Drone  
  17  1:21  Queen  
  17  1:23  Zergling x4  
  22  1:32  Zergling x2  
  22  1:50  Overlord  
  22  1:59  Lair  
  22  2:11  Drone x2  
  24  2:16  Hatchery  
  24  2:17  Drone  
  23  2:30  Drone  
  23  2:31  Drone x3  
  23  2:32  Drone  
  28  2:44  Drone  
  29  2:55  Overlord  
  27  3:14  Zergling x2  
  27  3:15  Zergling x2  
  29  3:20  Hydralisk Den  
  29  3:21  Extractor  
  29  3:23  Queen  
  29  3:24  Spore Crawler  
  29  3:25  Evolution Chamber  
  27  3:28  Queen  
  29  3:45  Drone x3  
  29  3:46  Drone x2  
  34  3:49  Metabolic Boost  
  34  3:54  Hydralisk  
  35  4:15  Spore Crawler  
  29  4:32  Zerg Missile Weapons Level 1  
  29  4:34  Muscular Augments  
  29  4:38  Hydralisk  
  29  4:42  Drone x2  
  29  4:43  Drone  
  29  4:44  Drone x4  
  38  4:57  Hydralisk  
  38  4:58  Hydralisk  
  42  5:04  Drone x2  
  44  5:09  Overlord  
  38  5:31  Hydralisk x3  
  44  5:53  Hydralisk x3  
  50  6:00  Extractor  
  50  6:02  Extractor  
  48  6:04  Queen  
  48  6:05  Queen  
  48  6:06  Overlord x3  
  52  6:30  Drone x2  
  52  6:31  Drone  
  52  6:32  Drone x3  
  58  6:43  Queen  
  60  6:49  Overlord  
  60  6:59  Drone x2  
  60  7:00  Drone  
  63  7:10  Overlord  
  63  7:11  Hydralisk x3  
  69  7:17  Hatchery  
  68  7:24  Drone x3  
  67  7:46  Zergling x4  
  67  7:47  Zergling x8  
  73  7:56  Zergling x8  
  73  7:57  Zergling x8  
  85  8:24  Infestation Pit  
Tags
 
Add a new tag
Caveats
  • Supply blocks, unpowered buildings, or Contaminate may cause inaccurate times.
  • Supply counts are checked every 10 seconds.